AoeStats
← seskevin2

Arena

506234637Analyzed
3v3 RM · 21d ago on Sep 12, 2026· 65m 7s· 6 players
Game mode
Random Map
Map size
Normal (6 player)
Population
200
Speed
Normal
Resources
Standard
Victory
Conquest
Starting age
Dark Age
Ending age
Imperial Age
RankedLock teamsTeams togetherTeam positionsShared explorationLock speedFull tech treeHidden civsTurbo modeCheats
Victory
Defeat
🇧🇷 Saracens · Brazil
621
+9
🇺🇸 Poles · United States
598
+9
🇩🇪 Romans · Germany
339
+19
🇪🇸 Bohemians · Spain
452
-13
🇪🇸 Sicilians · Spain
438
-12
🇪🇸 Spanish · Spain
422
-12
El_Omi
10:14 Feudal Age
16:38 Castle Age
15:03 Double-Bit Axe
16:14 Horse Collar
17:28 Heavy Plow
17:46 Bow Saw
23:55 Gambesons
24:10 Squires
23:31 Man-at-Arms
26:43 Stone Mining
26:51 Gold Mining
28:01 Wheelbarrow
27:13 Town Watch
27:22 Loom
27:54 Forging
27:45 Scale Mail Armor
27:45 Padded Archer Armor
27:36 Fletching
27:15 Long Swordsman
28:21 Scale Barding Armor
28:47 Town Watch
30:54 Iron Casting
30:34 Chain Mail Armor
32:24 Elite Skirmisher
33:11 Thumb Ring
35:22 Hand Cart
35:10 Town Patrol
37:01 Chain Barding Armor
36:37 Bodkin Arrow
36:57 Leather Archer Armor
41:48 Imperial Age
41:02 Stone Shaft Mining
41:23 Caravan
43:25 Two-Handed Swordsman
43:30 Capped Ram
48:03 Blast Furnace
47:39 Plate Barding Armor
47:34 Plate Mail Armor
47:35 Ring Archer Armor
47:05 Bracer
47:11 Husbandry
46:34 Cavalier
47:31 Bloodlines
48:12 Conscription
47:16 Siege Ram
48:00 Arrowslits
48:07 Guard Tower
50:19 Chemistry
49:40 Ballistics
49:33 Fortified Wall
49:19 Murder Holes
49:43 Inquisition
51:45 Pikeman
55:51 Halberdier
57:16 Champion
58:29 Guard Tower
58:59 Bombard Tower
61:00 Paladin
Eg_Divine
11:47 Feudal Age
18:23 Double-Bit Axe
27:30 Stone Mining
29:49 Bloodlines
45:38 Horse Collar
46:43 Gold Mining
64:03 Castle Age
Nelsinho The Goat
3:59 Loom
13:08 Feudal Age
24:18 Castle Age
38:15 Imperial Age
44:15 Light Cavalry
44:16 Cavalier
44:57 Husbandry
draco28939
2:35 Loom
11:06 Feudal Age
13:09 Double-Bit Axe
14:03 Wheelbarrow
21:19 Castle Age
20:26 Scale Mail Armor
20:39 Man-at-Arms
26:17 Szlachta Privileges
26:01 Horse Collar
27:57 Gold Mining
35:09 Imperial Age
33:02 Hand Cart
36:56 Stone Mining
36:33 Cavalier
37:53 Heavy Plow
38:32 Stone Shaft Mining
38:13 Bow Saw
40:42 Conscription
41:08 Husbandry
42:33 Chemistry
41:14 Treadmill Crane
41:45 Fortified Wall
41:59 Town Watch
42:51 Crop Rotation
42:52 Bloodlines
42:56 Scale Barding Armor
44:43 Town Patrol
46:54 Lechitic Legacy
46:42 Guard Tower
47:47 Chain Barding Armor
49:48 Crossbowman
51:13 Arbalester
51:59 Padded Archer Armor
51:22 Elite Obuch
56:00 Hoardings
65:02 Forging
64:43 Fletching
65:09 Leather Archer Armor
lipelpimentel
10:38 Feudal Age
16:15 Man-at-Arms
19:40 Castle Age
19:14 Double-Bit Axe
21:46 Crossbowman
27:41 Wheelbarrow
27:04 Town Watch
29:43 Hand Cart
33:21 Imperial Age
38:21 Town Patrol
42:23 Elite Mameluke
seskevin2
2:11 Loom
14:53 Feudal Age
15:19 Horse Collar
19:06 Gold Mining
19:07 Stone Mining
19:07 Double-Bit Axe
22:08 Wheelbarrow
26:25 Castle Age
27:23 Hand Cart
28:32 Heavy Plow
28:47 Bow Saw
28:53 Forging
28:44 Scale Mail Armor
28:49 Scale Barding Armor
36:56 Imperial Age
36:51 Caravan
37:21 Coinage
38:27 Gold Shaft Mining
38:44 Man-at-Arms
39:25 Squires
40:10 Iron Casting
39:51 Chain Mail Armor
39:56 Chain Barding Armor
40:13 Crop Rotation
40:42 Town Watch
41:11 Long Swordsman
42:59 Blast Furnace
43:19 Banking
43:00 Guilds
43:58 Town Patrol
43:44 Legionary
45:50 Conscription
52:30 Comitatenses
53:43 Pikeman
64:51 Halberdier
Connection lost

Rejoining the realm…

Still unreachable

The connection could not be restored.

Session expired

The server has moved on; the page needs a fresh start.